 Dungeon Crawl Stone Soup version 0.24.0-2-g5b39cebb1c (webtiles) character file.

Game seed: 10996759518135569148, levelgen mode: deterministic

29 ventricule the Covered (level 3, 0/33 HPs)
             Began as a Deep Dwarf Fighter on Oct 29, 2019.
             Slain by a hobgoblin (4 damage)
             ... led by Robin
             ... on level 3 of the Dungeon.
             The game lasted 00:01:30 (493 turns).

ventricule the Covered (Deep Dwarf Fighter)          Turns: 493, Time: 00:01:31

Health: 0/33       AC:  9    Str: 20    XL:     3   Next: 1%
Magic:  3/3        EV:  7    Int:  8    God:
Gold:   19         SH:  9    Dex: 12    Spells: 2/2 levels left

rFire    . . .     SeeInvis .   a - +0 war axe
rCold    . . .     Gourm    .   c - +0 shield
rNeg     . . .     Faith    .   b - +0 scale mail
rPois    .         Spirit   .   (no helmet)
rElec    .         Reflect  .   k - +0 cloak
rCorr    .         Harm     .   m - +0 pair of gloves
MR       .....                  (no boots)
Stlth    ..........             (no amulet)
HPRegen  0.00/turn              (no ring)
MPRegen  0.08/turn              (no ring)

@: non-regenerating, drained
A: damage resistance, heal wounds, sense surroundings 1, no regeneration
a: Heal Wounds


You were on level 3 of the Dungeon.
You were not hungry.

You visited 1 branch of the dungeon, and saw 3 of its levels.

You collected 19 gold pieces.

Inventory:

Hand Weapons
 a - a +0 war axe (weapon)
Missiles
 Q - 25 stones (quivered)
Armour
 b - a +0 scale mail (worn)
 c - a +0 shield (worn)
 k - a +0 cloak (worn)
 m - a +0 pair of gloves (worn)
Jewellery
 g - an uncursed ring of fire {unknown}
Scrolls
 l - a scroll of remove curse {unknown}
 n - a scroll of teleportation {unknown}
 o - a scroll of fear {unknown}
Potions
 d - a potion of might
 h - a potion of heal wounds {unknown}
 i - a potion of berserk rage {unknown}
 j - a potion of invisibility
 p - a potion of cancellation
 q - a potion of curing {unknown}
Comestibles
 e - 2 rations
 f - 4 chunks of flesh


   Skills:
 - Level 2.6(1.8) Fighting
 + Level 2.9(2.0) Axes
 + Level 3.8(2.9) Armour
 + Level 3.7(2.9) Shields


You had 2 spell levels left.
You didn't know any spells.
Your spell library was empty.

Dungeon Overview and Level Annotations

Branches:
Dungeon (3/15)

Altars:

Annotations:
D:3 Robin


Innate Abilities, Weirdness & Mutations

You are resistant to damage.
You can heal yourself by infusing magical energy.
You passively map a small area around you.
You do not regenerate.


Message History

* * * LOW HITPOINT WARNING * * *
You take 8 damage, and have 4/33 hp.
MASSIVE DAMAGE!!
Okay, then.
It was a potion of invisibility.
You fade into invisibility!
The goblin barely misses you. You block the goblin's attack.
The hobgoblin closely misses you.
The hobgoblin hits you but does no damage.
The goblin hits you but does no damage.
The goblin shoots a stone.
The stone hits the goblin!
The goblin dies!
You are very lightly contaminated with residual magic.
It was a potion of cancellation.
Your magical effects are unravelling.
You feel magically purged.
Your magical contamination has completely faded away.
You flicker back into view.
You block the goblin's attack. The hobgoblin hits you.
You die...

#.######.#####..)##.....<
,
#...).).........รท####.###
, * #.####...###.....# #.#
* #...# #.....# #.# ..
#...# #..#...* #.# * #...
#...# #..#...# #.#
#....#(.(###..##..# #.#
#......gggggg.....# #.#
#(...##g@(ggg(.##..*#.#
#.... ######K..#* * * *
#... ** ,..# , * .., , .#
, * , * # , , ,,, ,, , * ,
, * *


You could see Robin, 5 hobgoblins, 4 goblins and a kobold.

Levels and vault maps discovered:
D:1:      wander_arrival_fairy_ring, layout_basic
D:2:      layout_basic, kennysheep_okawaru_gauntlet,
          chequers_ecumenical_altar_simple
D:3:      layout_basic, marbit_many_paths, first_ration, uniq_robin

Notes
Turn   | Place    | Note
-------+----------+-------------------------------------------
     0 | D:1      | ventricule the Deep Dwarf Fighter began the quest for the
                  | Orb.
     0 | D:1      | Reached XP level 1. HP: 20/20 MP: 1/1
    24 | D:1      | Identified a +0 short sword
    29 | D:1      | Identified a +0 dagger
   169 | D:1      | Identified a +0 club
   200 | D:1      | Identified a +0 short sword
   219 | D:1      | Identified a cursed -1 club
   269 | D:1      | Reached XP level 2. HP: 21/27 MP: 2/2
   281 | D:1      | Identified a +1 dagger of draining
   323 | D:1      | Identified a +0 pair of gloves (You found it on level 1 of
                  | the Dungeon)
   324 | D:1      | Identified a cursed -1 club
   338 | D:1      | Identified a +0 cloak (You found it on level 1 of the
                  | Dungeon)
   341 | D:1      | Identified a +0 dagger
   359 | D:1      | Identified a +0 short sword
   433 | D:3      | Identified a +0 club
   459 | D:3      | Identified a +0 club
   460 | D:3      | Identified a +0 dagger
   460 | D:3      | Identified an uncursed ring of ice
   482 | D:3      | Identified a +0 club
   482 | D:3      | Identified a +0 club
   482 | D:3      | Identified a +0 club
   482 | D:3      | Identified a cursed -1 club
   482 | D:3      | Identified a +0 hunting sling
   484 | D:3      | Identified a +0 whip
   486 | D:3      | Identified a +0 trident
   486 | D:3      | Identified a +0 animal skin
   486 | D:3      | Identified a +0 helmet
   486 | D:3      | Noticed Robin
   490 | D:3      | Reached XP level 3. HP: 14/33 MP: 3/3
   491 | D:3      | HP: 4/33 [goblin/+0 club[Robin] (6)]
   492 | D:3      | Identified 2 potions of invisibility
   493 | D:3      | Identified 2 potions of cancellation
   493 | D:3      | Slain by a hobgoblin

Table legend:
 A = Turns spent in this place as a percentage of turns spent in the entire game.
 B = Non-inter-level travel turns spent in this place as a percentage of non-inter-level travel turns spent in the entire game.
 C = Inter-level travel turns spent in this place as a percentage of turns spent in this place.
 D = Turns resting spent in this place as a percentage of non-inter-level travel turns spent in this place.
 E = Turns spent auto-exploring this place as a percentage of non-inter-level travel turns spent in this place.
 F = Non-inter-level travel turns spent in this place divided by the number of levels of this place that you've seen.
                   A       B       C       D       E      F
               +-------+-------+-------+-------+-------+----------------------
         Total | 100.0 | 100.0 |   0.6 |   0.0 |  62.4 | 163.3
       Dungeon | 100.0 | 100.0 |   0.6 |   0.0 |  62.4 | 163.3
               +-------+-------+-------+-------+-------+----------------------

Table legend:
 A = Kills in this place as a percentage of kills in entire the game.
 B = Kills by you in this place as a percentage of kills by you in the entire game.
 C = Kills by friends in this place as a percentage of kills by friends in the entire game.
 D = Other kills in this place as a percentage of other kills in the entire game.
 E = Experience gained in this place as a percentage of experience gained in the entire game.
 F = Experience gained in this place divided by the number of levels of this place that you have seen.
                   A       B       C       D       E      F
               +-------+-------+-------+-------+-------+----------------------
         Total | 100.0 | 100.0 |   N/A |   N/A | 100.0 |  14.0
       Dungeon | 100.0 | 100.0 |   N/A |   N/A | 100.0 |  14.0
               +-------+-------+-------+-------+-------+----------------------

Action                   || total
-------------------------++-------
Melee: War axe           ||    80
  Use: Potion            ||     2
Armor: Scale mail        ||    51
Dodge: Dodged            ||    36
Block: Shield            ||    50

Vanquished Creatures
  A worm (D:3)
  3 bats
  4 goblins
  6 hobgoblins
  5 kobolds
  2 frilled lizards (D:1)
  3 rats
24 creatures vanquished.

Vanquished Creatures (others)
  A goblin (D:3)
1 creature vanquished.

Grand Total: 25 creatures vanquished
